 Dungeon Crawl Stone Soup version 0.30.0-30-g96aa6591b8 (webtiles) character file.

Game seed: 12829265785044067706

62 ces the Shooter (level 3, -2/30 HPs)
             Began as a Minotaur Hunter on June 28, 2023.
             Slain by an orc
             ... wielding a +0 whip
              (5 damage)
             ... on level 3 of the Dungeon on June 29, 2023.
             The game lasted 00:05:07 (1848 turns).

ces the Shooter (Minotaur Hunter)                   Turns: 1848, Time: 00:05:07

Health: -2/30      AC:  3    Str: 17    XL:     3   Next: 85%
Magic:  2/2        EV: 12    Int:  6    God:
Gold:   101        SH:  0    Dex: 13    Spells: 2/2 levels left

rFire   + . .        a - +0 shortbow
rCold   + . .        (shield currently unavailable)
rNeg    . . .        c - +0 leather armour
rPois   +            (helmet restricted)
rElec   +            (no cloak)
rCorr   +            (no gloves)
SInv    .            (no boots)
Will    .....        (no amulet)
Stlth   +            (no ring)
HPRegen 0.25/turn    (no ring)
MPRegen 0.08/turn

%: no passive effects
@: lethally poisoned (-2 -> -4), resistant
A: horns 2, retaliatory headbutt
a: no special abilities


You were on level 3 of the Dungeon.
You visited 1 branch of the dungeon, and saw 3 of its levels.

You collected 101 gold pieces.

Inventory:

Hand Weapons
 a - a +0 shortbow (weapon)
Armour
 c - a +0 leather armour (worn)
Wands
 i - a wand of acid (6)
Scrolls
 b - a scroll of immolation
 d - a scroll of blinking {unknown}
 e - a scroll of fog {unknown}
 f - a scroll of identify {unknown}
 j - a scroll of teleportation {unknown}
 k - a scroll of vulnerability {unknown}


   Skills:
 - Level 2.4 Fighting
 + Level 6.0 Ranged Weapons
 + Level 0.9 Armour
 - Level 2.1 Dodging
 - Level 0.7 Stealth


You had 2 spell levels left.
You didn't know any spells.
Your spell library contained the following spells:

 Spells                   Type           Power      Damage    Failure   Level
 Apportation              Tloc           0%         N/A       52%         1
 Necrotise                Necr           0%         1d4       52%         1
 Summon Small Mammal      Summ           0%         N/A       52%         1


Dungeon Overview and Level Annotations

Branches:
Dungeon (3/15)

Altars:
Yredelemnul


Innate Abilities, Weirdness & Mutations

You have a pair of horns on your head.
You reflexively headbutt those who attack you in melee.


Message History

You feel sick.
A rat comes into view.
You shoot an arrow.
The arrow hits the orc but does no damage.
The orc is lightly wounded.
You feel sick.
You shoot an arrow. The arrow closely misses the orc.
You feel sick.
You are no longer poisoned.
The orc misses you.
You shoot an arrow.
The arrow hits the orc but does no damage.
The orc is lightly wounded.
The orc hits you with a +0 whip. The kobold closely misses you.
The orc hits you with a +0 whip. The kobold hits you but does no damage.
You are too injured to fight recklessly!
You are too injured to fight recklessly!
You are too injured to fight recklessly!
The orc attacks as you move away! The orc barely misses you.
The kobold throws a poisoned dart.
The poisoned dart hits you!
You are poisoned.
You feel sick.
Things that are here:
a +0 dagger; an orc corpse The orc attacks as you move away!
The orc hits you with a +0 whip.
* * * LOW HITPOINT WARNING * * *
x2 You feel sick.
The orc attacks as you move away! The orc barely misses you.
You feel sick.
Things that are here:
a +0 trident; an orc corpse It was a potion of resistance.
You feel protected.
You feel sick. The orc hits you with a +0 whip.
* * * LOW HITPOINT WARNING * * *
Okay, then.
* * * LOW HITPOINT WARNING * * *
You feel sick.
Things that are here:
a +0 flail; 3 boomerangs The orc attacks as you move away!
The orc hits you with a +0 whip.
You die...

...####.#..........#
........##..>......#
...#######.#.....#.#
# .....# #.##...## #
.. ...#.# #.......#
...
..##.##########).#
#### .###.#...#
#r)##8....
.<.....#.#
#oK.......
####.#...#
##@##.....
#.##.########.# ##.#
#.##(.........#
#.############# ..#
###


You could see an orc, a kobold and a rat.

Vanquished Creatures
  An adder (D:2)
  7 orcs
  3 ball pythons
  An endoplasm (D:1)
  6 giant cockroaches
  7 goblins
  3 hobgoblins
  2 kobolds
  2 quokkas
  A bat (D:1)
  5 frilled lizards
  3 rats (D:1)
41 creatures vanquished.

Notes
Turn   | Place    | Note
-------+----------+-------------------------------------------
     0 | D:1      | ces the Minotaur Hunter began the quest for the Orb.
     0 | D:1      | Reached XP level 1. HP: 18/18 MP: 0/0
   429 | D:1      | Reached XP level 2. HP: 25/25 MP: 1/1
   441 | D:1      | Reached skill level 5 in Ranged Weapons
   833 | D:2      | Found a basalt altar of Yredelemnul.
  1058 | D:2      | Reached XP level 3. HP: 30/30 MP: 2/2
  1827 | D:3      | Reached skill level 6 in Ranged Weapons
  1848 | D:3      | Slain by an orc

Illustrated notes

Levels and vault maps discovered:
D:1:      dpeg_arrival_castle, layout_loops_corners
D:2:      layout_basic, basic_altar, guppyfry_early_orc_mine
D:3:      layout_loops_ring, kiku_gazebo_garden_becter, grunt_gozag_statues,
          biasface_ghost_orc_armoury, serial_glass, glass_columns_a,
          glass_columns_c, minmay_strange_pillars, due_unseen_surprise,
          item_on_display_a

Skill      XL: |  1  2  3 |
---------------+----------+-----
Ranged Weapons | 5 6 |  6.0
Fighting       | |  2.4
Armour         | |  0.9
Dodging        | |  2.1
Stealth        | |  0.7

Action                     || total
---------------------------++-------
   Fire: Shortbow          ||   118
    Use: Potion            ||     3
 Armour: Leather armour    ||    12
  Dodge: Dodged            ||    39
